 Dungeon Crawl Stone Soup version 0.19-a0-1155-gb6eeeff (webtiles) character file.

788 Duffy the Slasher (level 7, -8/62 (63) HPs)
             Began as a Minotaur Gladiator on Aug 13, 2016.
             Was an Initiate of Cheibriados.
             Mangled by HaroldButt's ghost (15 damage)
             ... on level 6 of the Dungeon.
             The game lasted 00:03:40 (3387 turns).

Duffy the Slasher (Minotaur Gladiator)              Turns: 3387, Time: 00:03:40

HP:   -8/62 (63)    AC:  6    Str: 21    XL:     7   Next: 56%
MP:   6/6           EV: 13    Int:  6    God:    Cheibriados [......]
Gold: 450           SH:  0    Dex: 13    Spells: 0 memorised, 6 levels left

rFire  . . .     SeeInvis .     a - +0 long sword
rCold  . . .     Gourm    .     n - +0 scale mail (curse)
rNeg   . . .     Faith    .     (no shield)
rPois  .         Spirit   .     c - +0 hat
rElec  .         Dismiss  .     (no cloak)
rCorr  .         Reflect  .     (no gloves)
MR     .....     Harm     +     (no boots)
Stlth  +.........               t - amulet of harm
                                (no ring)
                                l - ring of stealth

@: very slow
A: retaliatory headbutt, horns 2
a: Bend Time, Renounce Religion


You were on level 6 of the Dungeon.
You worshipped Cheibriados.
Cheibriados was noncommittal.
You were not hungry.

You visited 2 branches of the dungeon, and saw 7 of its levels.

You collected 450 gold pieces.


Innate Abilities, Weirdness & Mutations

You reflexively headbutt those who attack you in melee.
You have a pair of horns on your head.


   Skills:
 + Level 6.3 Fighting
 + Level 6.7 Long Blades
 - Level 2.0 Throwing
 + Level 6.4 Dodging


You had 6 spell levels left.
You didn't know any spells.

Inventory:

Hand Weapons
 a - a +0 long sword (weapon)
Missiles
 d - 3 throwing nets (quivered)
Armour
 b - a +0 leather armour
 c - a +0 hat (worn)
 n - a cursed +0 scale mail (worn)
Jewellery
 l - a ring of stealth (left hand)
 t - an amulet of harm (around neck)
Wands
 A - a wand of polymorph (8/24)
Scrolls
 e - 2 scrolls of enchant weapon {unknown}
 h - 6 scrolls of identify {unknown}
 j - 2 scrolls of magic mapping {unknown}
 o - 4 scrolls of remove curse {unknown}
 r - a scroll of amnesia {unknown}
 x - 2 scrolls of immolation {unknown}
 y - 2 scrolls of recharging {unknown}
Potions
 i - 2 potions of cancellation {unknown}
 k - 2 potions of berserk rage {unknown}
 m - 2 potions of flight {unknown}
 p - a potion of curing {unknown}
 q - a potion of invisibility {unknown}
 v - 2 potions of degeneration {unknown}
 B - a potion of magic {unknown}
 C - a potion of beneficial mutation {unknown}
Comestibles
 f - 5 bread rations
 g - a royal jelly
 s - 3 fruits
 u - 3 meat rations
 w - a beef jerky

Dungeon Overview and Level Annotations

Branches:
Dungeon (6/15)             Temple (1/1) D:6

Altars:
Ashenzari
Cheibriados
Elyvilon
Fedhas
Hepliaklqana
Ru
Trog
The Shining One

Annotations:
D:6 HaroldButt's ghost, novice FoFi


Message History

h - 6 scrolls labeled BEOBRY SAFAU (gained 1)
You hear the slow rusting of a very distant drain.
HaroldButt's ghost (novice Formicid Fighter) comes into view.
HaroldButt's ghost turns its malevolent gaze towards you.
HaroldButt's ghost closely misses you. You furiously retaliate!
You headbutt HaroldButt's ghost, but do no damage.
You riposte.
You hit HaroldButt's ghost but do no damage.
You hit HaroldButt's ghost but do no damage.
You headbutt HaroldButt's ghost.
HaroldButt's ghost is lightly damaged.
HaroldButt's ghost hits you.
You slash HaroldButt's ghost!
HaroldButt's ghost is lightly damaged.
HaroldButt's ghost closely misses you.
You riposte.
You hit HaroldButt's ghost.
HaroldButt's ghost is moderately damaged.
You hit HaroldButt's ghost.
HaroldButt's ghost is moderately damaged.
HaroldButt's ghost hits you! HaroldButt's ghost hits you.
You barely miss HaroldButt's ghost. You headbutt HaroldButt's ghost.
HaroldButt's ghost is moderately damaged.
HaroldButt's ghost hits you!
You are too injured to fight recklessly!
You are too injured to fight recklessly!
You are too injured to fight recklessly!
You are too injured to fight recklessly!
You are too injured to fight recklessly!
You are too injured to fight recklessly!
You are too injured to fight recklessly!
You are too injured to fight recklessly!
You are too injured to fight recklessly!
You are too injured to fight recklessly!
You are too injured to fight recklessly!
You are too injured to fight recklessly!
You are too injured to fight recklessly!
You are too injured to fight recklessly!
You are too injured to fight recklessly!
You are too injured to fight recklessly!
You hit HaroldButt's ghost. You headbutt HaroldButt's ghost!
HaroldButt's ghost is heavily damaged.
HaroldButt's ghost hits you!
You hit HaroldButt's ghost. You headbutt HaroldButt's ghost!
HaroldButt's ghost is severely damaged.
HaroldButt's ghost hits you!
Okay, then.
You hit HaroldButt's ghost but do no damage.
You headbutt HaroldButt's ghost!
HaroldButt's ghost is almost destroyed.
HaroldButt's ghost hits you!
You die...

...... ..... ##..#.
.... ##..# ##+## #...#
##...## #W#.#
##.....## #@#.##
##.......#
#.###....####...[.....
#........<..'.........
#####....####.........
###.## ##....>..# #.#
##.....## #.# ###...##
#.# #......# #.#
#.##.#.##


You could see HaroldButt's ghost.

Action                   |  1- 3 |  4- 6 |  7- 9 || total
-------------------------+-------+-------+-------++-------
Melee: Long sword        |    94 |   107 |    34 ||   235
       Headbutt          |    12 |     8 |     9 ||    29
 Stab: Distracted        |     1 |       |       ||     1
  Eat: Chunk             |     2 |     4 |     4 ||    10
Armor: Leather armour    |     6 |       |       ||     6
       Scale mail        |    31 |    31 |     6 ||    68
Dodge: Dodged            |    52 |    47 |    10 ||   109

Notes
Turn   | Place    | Note
-------+----------+-------------------------------------------
     0 | D:1      | Duffy the Minotaur Gladiator began the quest for the Orb.
     0 | D:1      | Reached XP level 1. HP: 18/18 MP: 0/0
    49 | D:1      | Reached XP level 2. HP: 25/25 MP: 1/1
    63 | D:1      | Reached skill level 4 in Long Blades
   418 | D:1      | Reached skill level 4 in Dodging
   601 | D:1      | Reached XP level 3. HP: 30/30 MP: 2/2
   823 | D:1      | Reached skill level 3 in Fighting
  1274 | D:2      | Found a white marble altar of Elyvilon.
  1417 | D:2      | Reached XP level 4. HP: 21/39 MP: 3/3
  1874 | D:3      | Noticed Jessica
  1877 | D:3      | Noticed HaroldButt's ghost (amateur GrEE)
  1878 | D:3      | Killed Jessica
  1882 | D:3      | Killed HaroldButt's ghost
  1882 | D:3      | Reached skill level 4 in Fighting
  1882 | D:3      | Reached skill level 5 in Long Blades
  1882 | D:3      | Reached XP level 5. HP: 46/46 MP: 4/4
  1976 | D:3      | Reached skill level 5 in Dodging
  2125 | D:4      | Found a glowing golden altar of the Shining One.
  2187 | D:4      | Noticed a necrophage
  2206 | D:4      | Killed a necrophage
  2206 | D:4      | Reached XP level 6. HP: 37/52 MP: 5/5
  2307 | D:4      | Noticed eragonby's ghost (amateur DECj)
  2318 | D:4      | Killed eragonby's ghost
  2318 | D:4      | Reached skill level 5 in Fighting
  2318 | D:4      | Reached skill level 6 in Long Blades
  2844 | D:5      | Entered Level 5 of the Dungeon
  2968 | D:5      | Reached XP level 7. HP: 57/60 MP: 6/6
  3144 | D:5      | Reached skill level 6 in Dodging
  3216 | D:5      | Found a shattered altar of Ashenzari.
  3237 | D:5      | Noticed a hungry ghost
  3246 | D:5      | Killed a hungry ghost
  3246 | D:5      | Reached skill level 6 in Fighting
  3307 | D:6      | Found a staircase to the Ecumenical Temple.
  3317 | Temple   | Entered the Ecumenical Temple
  3326 | Temple   | Became a worshipper of Cheibriados the Contemplative
  3378 | D:6      | Noticed HaroldButt's ghost (novice FoFi)
  3387 | D:6      | Mangled by HaroldButt's ghost

Skill      XL: |  1  2  3  4  5  6  7 |
---------------+----------------------+-----
Long Blades    | 4 5 6 |  6.7
Dodging        | 4 5 6 |  6.4
Fighting       | 3 4 5 6 |  6.3
Throwing       | |  2.0

Vault maps used:
D:1:      erik_arrival_cave_to_civilisation, minmay_gold_behind_fungi
D:2:      kiku_gazebo_pond_becter, first_bread, elyvilon_altar_5
D:3:      uniq_jessica
D:4:      kennysheep_doodads, tso_metal_star
D:5:      lemuel_crystal_altar, kennysheep_pointless_box,
          kennysheep_small_circle
D:6:      serial_shops, shop_fountains, portal_sewer_entry_d
Temple:   regret_index_temple_mists

Vanquished Creatures
  The ghost of eragonby the Conjurer, an amateur DECj
  A hungry ghost
  An ogre
  A necrophage
  The ghost of HaroldButt the Digger, an amateur GrEE
  A crimson imp
  A hound Jessica
  An iguana
  A worker ant zombie
  A gnoll
  3 adders
  A shadow imp
  2 worms
  An adder skeleton
  2 dart slugs
  5 giant geckos
  A ball python
  3 giant cockroaches
  8 goblins
  10 hobgoblins
  5 jackals
  4 quokkas
  6 bats
  A giant gecko zombie
  3 giant newts
  10 kobolds
  4 rats
  A fungus
81 creatures vanquished.
